Canucks vs Bruins
(R1)
Created - 10 septembre 2014 at 19:30
Simulating a Pre-Season
Goals
|
| Canucks |
1 |
0 |
0 |
1 |
| Bruins |
0 |
3 |
0 |
3 |
|
Shots
|
| Canucks |
15 |
11 |
9 |
35 |
| Bruins |
11 |
9 |
14 |
34 |
|
1st period
1. Canucks , Matt Stajan 1 (Jaromir Jagr, Andy Rogers) at 5:15
Penalties :
Fabian Brunnstrom (Van) for Holding (Minor) at 15:25
2nd period
2. Bruins , Brad Isbister 1 (Martin Erat) at 2:57
3. Bruins , Mark Stuart 1 (Ryan O'Byrne, Viktor Stalberg) at 3:35 (PP)
4. Bruins , Matt Cooke 2 (Mark Stuart, Vitali Yachmenev) at 17:46
Penalties :
Peter Worrell (Van) for Slashing (Minor) at 3:19, Jaromir Jagr (Van) for Interference (Minor) at 3:57, Matt Cooke (Bos) for Boarding (Minor) at 13:31
3rd period
No Goal
Penalties :
Viktor Stalberg (Bos) for Delaying the game (Minor) at 0:54, David Jones (Van) for Roughing (Minor) at 8:34
Goalie Stats
Carey Price (Van), 31 saves from 34 shots - (0,912), L, 0-2-1, 60:00 minutes
Karri Ramo (Bos), 34 saves from 35 shots - (0,971), W, 1-1-0, 60:00 minutes
Players Stats for Canucks
Player Name G A P +/- PIM S H SB GA TA FO MP PP MP PK MP
------------------------------------------------------------------------------------
Alex Tanguay 0 0 0 0 0 1 0 0 0 1 0/0 9:14 0:00 1:36
Andy Rogers 0 1 1 0 0 0 2 1 0 1 0/0 19:56 1:42 2:15
Chris Phillips 0 0 0 -1 0 1 6 1 0 0 0/0 26:53 2:16 3:58
Clarke MacArthur 0 0 0 0 0 3 2 0 0 0 0/0 15:13 1:50 0:00
David Jones 0 0 0 0 2 4 0 1 0 0 0/0 11:51 0:00 0:00
Fabian Brunnstrom 0 0 0 0 2 3 0 0 0 0 0/0 12:22 0:00 0:00
Jaromir Jagr 0 1 1 -1 2 6 1 0 0 0 1/6 21:04 2:08 2:19
Jeremy Williams 0 0 0 0 0 0 1 1 0 0 0/0 7:25 0:00 0:00
Jiri Hudler 0 0 0 0 0 2 0 0 0 0 1/4 13:58 0:00 1:55
Joe Callahan 0 0 0 0 0 1 2 2 0 0 0/0 19:35 1:42 2:14
Joe Sakic 0 0 0 0 0 1 1 0 0 0 9/15 18:02 1:50 1:59
Kim Johnsson 0 0 0 -1 0 0 2 2 0 0 0/0 26:53 2:16 3:58
Matt Stajan 1 0 1 -1 0 3 3 0 0 0 7/25 22:13 2:08 3:27
Maxim Lapierre 0 0 0 0 0 0 1 2 0 1 2/5 7:25 0:00 0:00
Nikolai Zherdev 0 0 0 0 0 5 2 0 0 0 0/0 15:13 1:50 0:00
Peter Worrell 0 0 0 -1 2 2 4 1 0 0 0/1 19:43 2:08 1:10
Sami Lepisto 0 0 0 0 0 2 1 0 1 0 0/0 13:11 0:00 0:00
Taylor Chorney 0 0 0 0 0 1 0 1 0 0 0/0 13:32 0:00 0:01
Players Stats for Bruins
Player Name G A P +/- PIM S H SB GA TA FO MP PP MP PK MP
------------------------------------------------------------------------------------
Brad Isbister 1 0 1 1 0 2 1 0 0 0 0/0 11:12 0:00 1:32
Christoph Schubert 0 0 0 0 0 0 0 0 0 0 0/0 16:27 2:59 2:14
Dainius Zubrus 0 0 0 0 0 3 0 0 0 0 0/0 13:39 2:51 0:00
Dave Bolland 0 0 0 0 0 2 4 0 0 0 6/6 16:17 2:51 0:53
Jason Demers 0 0 0 0 0 1 3 2 0 0 0/0 20:11 2:59 1:57
Jeff Carter 0 0 0 0 0 3 2 1 0 0 21/31 20:19 3:18 0:17
Keaton Ellerby 0 0 0 -1 0 1 1 2 0 0 0/0 20:19 0:00 0:00
Kris Chucko 0 0 0 0 0 1 1 0 0 0 0/0 14:20 2:51 1:06
Mark Fraser 0 0 0 1 0 0 0 0 0 0 0/0 7:06 0:00 1:51
Mark Stuart 1 1 2 1 0 5 5 3 1 0 0/0 27:38 3:14 0:10
Martin Erat 0 1 1 1 0 0 0 1 0 0 1/1 9:11 0:04 0:00
Matt Cooke 1 0 1 0 2 3 1 1 1 0 0/0 18:04 0:00 0:53
Matt Hendricks 0 0 0 0 0 0 3 0 1 1 4/10 12:05 0:04 0:32
Petteri Nokelainen 0 0 0 1 0 0 0 0 0 0 3/6 10:42 0:00 1:54
Ryan O'Byrne 0 1 1 1 0 5 3 1 0 0 0/0 28:19 3:14 1:44
Victor Oreskovich 0 0 0 0 0 3 1 1 0 0 1/1 15:58 3:18 0:00
Viktor Stalberg 0 1 1 0 2 1 0 0 0 0 0/1 17:18 3:22 0:17
Vitali Yachmenev 0 1 1 0 0 4 0 0 0 0 0/0 16:55 0:00 0:32
3 Stars
1 - Mark Stuart (Bos)
2 - Karri Ramo (Bos)
3 - Brad Isbister (Bos)
Power Play
Canucks - 0 on 2 Attempt(s) - 0,00%
Bruins - 1 on 4 Attempt(s) - 25,00%
Penalty Kill
Canucks - 3 on 4 Attempt(s) - 75,00%
- Score 0 goal in Penalty Kill
Bruins - 2 on 2 Attempt(s) - 100,00%
- Score 0 goal in Penalty Kill
Official
Referees : Morton Dean and Jackson Dave
Linesman : Pierre Champoux and Mike Cvik
Game Notes
No Game Note
Canucks
5 vs 5 Forward
Center Left Wing Right Wing Time % Phy DF OF
1 Matt Stajan Peter Worrell Jaromir Jagr 40 1 2 2
2 Joe Sakic Clarke MacArthur Nikolai Zherdev 30 1 2 2
3 Jiri Hudler Fabian Brunnstrom David Jones 20 1 2 2
4 Maxim Lapierre Alex Tanguay Jeremy Williams 10 1 2 2
5 vs 5 Defense
Defense Defense Time % Phy DF OF
1 Kim Johnsson Chris Phillips 40 1 2 2
2 Andy Rogers Joe Callahan 30 1 2 2
3 Sami Lepisto Taylor Chorney 20 1 2 2
4 Kim Johnsson Chris Phillips 10 1 2 2
PowerPlay Forward
Center Left Wing Right Wing Time % Phy DF OF
1 Matt Stajan Peter Worrell Jaromir Jagr 60 1 2 2
2 Joe Sakic Clarke MacArthur Nikolai Zherdev 40 1 2 2
PowerPlay Defense
Defense Defense Time % Phy DF OF
1 Kim Johnsson Chris Phillips 60 1 2 2
2 Andy Rogers Joe Callahan 40 1 2 2
Penalty Kill 4 Players Forward
Center Wing Time % Phy DF OF
1 Jaromir Jagr Matt Stajan 60 1 2 2
2 Peter Worrell Joe Sakic 40 1 2 2
Penalty Kill 4 Players Defense
Defense Defense Time % Phy DF OF
1 Kim Johnsson Chris Phillips 60 1 2 2
2 Andy Rogers Joe Callahan 40 1 2 2
Penalty Kill - 3 Players Forward
Forward Time % Phy DF OF
1 Jaromir Jagr 60 1 2 2
2 Matt Stajan 40 1 2 2
Penalty Kill - 3 Players Defense
Defense Defense Time % Phy DF OF
1 Kim Johnsson Chris Phillips 60 1 2 2
2 Andy Rogers Joe Callahan 40 1 2 2
4 vs 4 Forward
Center Wing Time % Phy DF OF
1 Jaromir Jagr Matt Stajan 60 1 2 2
2 Peter Worrell Joe Sakic 40 1 2 2
4 vs 4 Defense
Defense Defense Time % Phy DF OF
1 Kim Johnsson Chris Phillips 60 1 2 2
2 Andy Rogers Joe Callahan 40 1 2 2
Last Minutes Offensive
Center Left Wing Right Wing Defense Defense
Matt Stajan Peter Worrell Jaromir Jagr Kim Johnsson Chris Phillips
Last Minutes Defensive
Center Left Wing Right Wing Defense Defense
Matt Stajan Peter Worrell Jaromir Jagr Kim Johnsson Chris Phillips
Goaltenders
Starting : Carey Price
Backup : José Theodore
Extra Forwards
Normal : Fabian Brunnstrom, Alex Tanguay, Jiri Hudler - PP : Fabian Brunnstrom, Alex Tanguay - PK : Jiri Hudler
Extra Defensemen
Normal : Sami Lepisto, Taylor Chorney, Andy Rogers - PP : Sami Lepisto - PK : Taylor Chorney, Andy Rogers
Penalty Shots
Jaromir Jagr, Matt Stajan, Peter Worrell, Joe Sakic, Clarke MacArthur
Bruins
5 vs 5 Forward
Center Left Wing Right Wing Time % Phy DF OF
1 Jeff Carter Matt Cooke Vitali Yachmenev 40 1 2 2
2 Dave Bolland Viktor Stalberg Victor Oreskovich 30 1 2 2
3 Matt Hendricks Kris Chucko Dainius Zubrus 20 1 2 2
4 Petteri Nokelainen Brad Isbister Martin Erat 10 1 2 2
5 vs 5 Defense
Defense Defense Time % Phy DF OF
1 Ryan O'Byrne Mark Stuart 40 1 2 2
2 Jason Demers Keaton Ellerby 30 1 2 2
3 Keaton Ellerby Christoph Schubert 20 1 2 2
4 Ryan O'Byrne Mark Stuart 10 1 2 2
PowerPlay Forward
Center Left Wing Right Wing Time % Phy DF OF
1 Jeff Carter Viktor Stalberg Victor Oreskovich 60 1 2 2
2 Dave Bolland Kris Chucko Dainius Zubrus 40 1 2 2
PowerPlay Defense
Defense Defense Time % Phy DF OF
1 Ryan O'Byrne Mark Stuart 60 1 2 2
2 Jason Demers Christoph Schubert 40 1 2 2
Penalty Kill 4 Players Forward
Center Wing Time % Phy DF OF
1 Petteri Nokelainen Matt Cooke 60 1 2 2
2 Matt Hendricks Vitali Yachmenev 40 1 2 2
Penalty Kill 4 Players Defense
Defense Defense Time % Phy DF OF
1 Ryan O'Byrne Mark Fraser 60 1 2 2
2 Jason Demers Christoph Schubert 40 1 2 2
Penalty Kill - 3 Players Forward
Forward Time % Phy DF OF
1 Jeff Carter 60 1 2 2
2 Matt Cooke 40 1 2 2
Penalty Kill - 3 Players Defense
Defense Defense Time % Phy DF OF
1 Mark Fraser Mark Stuart 60 1 2 2
2 Jason Demers Christoph Schubert 40 1 2 2
4 vs 4 Forward
Center Wing Time % Phy DF OF
1 Jeff Carter Matt Cooke 60 1 2 2
2 Viktor Stalberg Vitali Yachmenev 40 1 2 2
4 vs 4 Defense
Defense Defense Time % Phy DF OF
1 Ryan O'Byrne Mark Stuart 60 1 2 2
2 Jason Demers Christoph Schubert 40 1 2 2
Last Minutes Offensive
Center Left Wing Right Wing Defense Defense
Jeff Carter Viktor Stalberg Vitali Yachmenev Ryan O'Byrne Mark Stuart
Last Minutes Defensive
Center Left Wing Right Wing Defense Defense
Jeff Carter Matt Cooke Vitali Yachmenev Ryan O'Byrne Mark Stuart
Goaltenders
Starting : Karri Ramo
Backup : Evgeni Nabokov
Extra Forwards
Normal : Dainius Zubrus, Matt Hendricks, Brad Isbister - PP : Dainius Zubrus, Matt Hendricks - PK : Brad Isbister
Extra Defensemen
Normal : Keaton Ellerby, Mark Fraser, Jason Demers - PP : Keaton Ellerby - PK : Mark Fraser, Jason Demers
Penalty Shots
Jeff Carter, Matt Cooke, Viktor Stalberg, Vitali Yachmenev, Victor Oreskovich
% Time on Ice - Canucks
Lines # - Real PCT - Wanted PCT - Time Play
Normal Forward
1 - 34% - 40% - 16:51
2 - 28% - 30% - 13:43
3 - 24% - 20% - 11:50
4 - 15% - 10% - 7:25
Normal Defense
1 - 38% - 40% - 18:41
2 - 31% - 30% - 15:39
3 - 26% - 20% - 13:11
4 - 5% - 10% - 2:18
PP Forward
1 - 54% - 60% - 2:08
2 - 46% - 40% - 1:50
PP Defense
1 - 57% - 60% - 2:16
2 - 43% - 40% - 1:42
PK Forward
1 - 81% - 60% - 5:03
2 - 19% - 40% - 1:10
PK Defense
1 - 64% - 60% - 3:59
2 - 36% - 40% - 2:14
PK3 Forward
1 - 0% - 60%
2 - 0% - 40%
PK3 Defense
1 - 0% - 60%
2 - 0% - 40%
44 Forward
1 - 0% - 60%
2 - 0% - 40%
44 Defense
1 - 0% - 60%
2 - 0% - 40%
Last Minute Offensive - 0:00
Last Minute Defensive - 0:00
Total
Forward - 60:00
Defense - 60:00
|
% Time on Ice - Bruins
Lines # - Real PCT - Wanted PCT - Time Play
Normal Forward
1 - 36% - 40% - 18:07
2 - 25% - 30% - 12:31
3 - 21% - 20% - 10:23
4 - 18% - 10% - 8:48
Normal Defense
1 - 42% - 40% - 21:04
2 - 32% - 30% - 15:58
3 - 19% - 20% - 9:32
4 - 7% - 10% - 3:15
PP Forward
1 - 54% - 60% - 3:22
2 - 46% - 40% - 2:51
PP Defense
1 - 52% - 60% - 3:14
2 - 48% - 40% - 2:59
PK Forward
1 - 87% - 60% - 3:26
2 - 13% - 40% - 0:32
PK Defense
1 - 51% - 60% - 2:01
2 - 49% - 40% - 1:57
PK3 Forward
1 - 0% - 60%
2 - 0% - 40%
PK3 Defense
1 - 0% - 60%
2 - 0% - 40%
44 Forward
1 - 0% - 60%
2 - 0% - 40%
44 Defense
1 - 0% - 60%
2 - 0% - 40%
Last Minute Offensive - 0:00
Last Minute Defensive - 0:00
Total
Forward - 60:00
Defense - 60:00
|
Play by Play
1st period
0:01 of 1st period - Jeff Carter wins face-off versus Matt Stajan in neutral zone.
0:25 of 1st period - Joe Sakic is hit by Mark Stuart and loses puck.
0:44 of 1st period - Snap shot by Dainius Zubrus.
0:44 of 1st period - Stopped by Carey Price without a rebound.
0:45 of 1st period - Jiri Hudler wins face-off versus Matt Hendricks in Canucks zone.
2:00 of 1st period - Wrist shot by Joe Sakic.
2:00 of 1st period - Deflect By Nikolai Zherdev.
2:00 of 1st period - Shot Misses the Net.
2:00 of 1st period - Puck is out of play.
2:01 of 1st period - Martin Erat wins face-off versus Joe Sakic in Bruins zone.
2:16 of 1st period - Snap shot by Chris Phillips.
2:16 of 1st period - Shot Blocked by Keaton Ellerby.
2:39 of 1st period - Snap shot by Jeff Carter.
2:39 of 1st period - Deflect By Vitali Yachmenev.
2:39 of 1st period - Stopped by Carey Price with a rebound.
3:32 of 1st period - Icing by Joe Sakic.
3:33 of 1st period - Joe Sakic wins face-off versus Jeff Carter in Canucks zone.
3:48 of 1st period - Backhand shot by Matt Stajan.
3:48 of 1st period - Shot Hit the Post.
3:58 of 1st period - Victor Oreskovich is hit by Maxim Lapierre and loses puck.
4:05 of 1st period - Wrist shot by Alex Tanguay.
4:05 of 1st period - Deflect By Dave Bolland.
4:05 of 1st period - Shot Misses the Net.
4:05 of 1st period - Puck is out of play.
4:06 of 1st period - Matt Hendricks wins face-off versus Matt Stajan in Bruins zone.
4:06 of 1st period - Matt Hendricks is hit by Matt Stajan.
4:18 of 1st period - Snap shot by Dainius Zubrus.
4:18 of 1st period - Shot Misses the Net.
4:32 of 1st period - Clarke MacArthur is hit by Ryan O'Byrne and loses puck.
5:06 of 1st period - Snap shot by David Jones.
5:06 of 1st period - Stopped by Karri Ramo without a rebound.
5:07 of 1st period - Jeff Carter wins face-off versus Matt Stajan in Bruins zone.
5:07 of 1st period - Jeff Carter is hit by Jaromir Jagr.
5:13 of 1st period - Slapshot by Jaromir Jagr.
5:13 of 1st period - Shot Misses the Net.
5:15 of 1st period - Snap shot by Matt Stajan.
5:15 of 1st period - Goal by Matt Stajan - Canucks : 1 - Bruins : 0.
5:16 of 1st period - Jeff Carter wins face-off versus Matt Stajan in neutral zone.
5:41 of 1st period - Mark Stuart is hit by Chris Phillips and loses puck.
6:12 of 1st period - Wrist shot by Kris Chucko.
6:12 of 1st period - Stopped by Carey Price with a rebound.
6:30 of 1st period - Slapshot by Fabian Brunnstrom.
6:30 of 1st period - Stopped by Karri Ramo with a rebound.
6:32 of 1st period - Snap shot by David Jones.
6:32 of 1st period - Stopped by Karri Ramo with a rebound.
6:34 of 1st period - Backhand shot by Joe Callahan.
6:34 of 1st period - Stopped by Karri Ramo with a rebound.
6:36 of 1st period - Snap shot by Fabian Brunnstrom.
6:36 of 1st period - Deflect By Jiri Hudler.
6:36 of 1st period - Stopped by Karri Ramo without a rebound.
6:37 of 1st period - Matt Stajan wins face-off versus Jeff Carter in Bruins zone.
6:42 of 1st period - Snap shot by Matt Stajan.
6:42 of 1st period - Stopped by Karri Ramo with a rebound.
6:48 of 1st period - Snap shot by Jaromir Jagr.
6:48 of 1st period - Shot Blocked by Jason Demers.
7:02 of 1st period - Viktor Stalberg is hit by Nikolai Zherdev.
7:06 of 1st period - Dave Bolland is hit by Clarke MacArthur and loses puck.
7:31 of 1st period - Chris Phillips is hit by Kris Chucko and loses puck.
7:42 of 1st period - Keaton Ellerby is hit by Chris Phillips and loses puck.
7:47 of 1st period - Snap shot by Alex Tanguay.
7:47 of 1st period - Stopped by Karri Ramo with a rebound.
8:32 of 1st period - Off-side.
8:33 of 1st period - Victor Oreskovich wins face-off versus Matt Stajan in neutral zone.
8:58 of 1st period - Mark Stuart is hit by Kim Johnsson and loses puck.
10:05 of 1st period - Snap shot by Nikolai Zherdev.
10:05 of 1st period - Shot Blocked by Jason Demers.
10:07 of 1st period - Snap shot by Kim Johnsson.
10:07 of 1st period - Shot Misses the Net.
10:09 of 1st period - Slapshot by Nikolai Zherdev.
10:09 of 1st period - Stopped by Karri Ramo with a rebound.
10:11 of 1st period - Slapshot by Taylor Chorney.
10:11 of 1st period - Stopped by Karri Ramo without a rebound.
10:12 of 1st period - Matt Stajan wins face-off versus Jeff Carter in Bruins zone.
10:37 of 1st period - Wrist shot by Clarke MacArthur.
10:37 of 1st period - Deflect By Joe Sakic.
10:37 of 1st period - Shot Misses the Net.
10:37 of 1st period - Puck is out of play.
10:38 of 1st period - Dave Bolland wins face-off versus Joe Sakic in Bruins zone.
10:38 of 1st period - Viktor Stalberg is hit by Joe Sakic and loses puck.
11:17 of 1st period - Snap shot by Victor Oreskovich.
11:17 of 1st period - Stopped by Carey Price with a rebound.
11:19 of 1st period - Slapshot by Mark Stuart.
11:19 of 1st period - Shot Blocked by David Jones.
11:21 of 1st period - Slapshot by Mark Stuart.
11:21 of 1st period - Stopped by Carey Price with a rebound.
11:23 of 1st period - Wrist shot by Victor Oreskovich.
11:23 of 1st period - Stopped by Carey Price with a rebound.
11:25 of 1st period - Slapshot by Dave Bolland.
11:25 of 1st period - Stopped by Carey Price without a rebound.
11:26 of 1st period - Matt Stajan wins face-off versus Jeff Carter in Canucks zone.
11:52 of 1st period - Kim Johnsson is hit by Keaton Ellerby and loses puck.
12:13 of 1st period - Snap shot by David Jones.
12:13 of 1st period - Shot Blocked by Martin Erat.
12:30 of 1st period - Icing by Jason Demers.
12:31 of 1st period - Jeff Carter wins face-off versus Maxim Lapierre in Bruins zone.
12:46 of 1st period - Icing by Jeremy Williams.
12:47 of 1st period - Dave Bolland wins face-off versus Maxim Lapierre in Canucks zone.
12:50 of 1st period - Snap shot by Viktor Stalberg.
12:50 of 1st period - Shot Misses the Net.
12:52 of 1st period - Slapshot by Ryan O'Byrne.
12:52 of 1st period - Stopped by Carey Price with a rebound.
12:54 of 1st period - Slapshot by Ryan O'Byrne.
12:54 of 1st period - Stopped by Carey Price with a rebound.
12:56 of 1st period - Snap shot by Victor Oreskovich.
12:56 of 1st period - Stopped by Carey Price without a rebound.
12:57 of 1st period - Jaromir Jagr wins face-off versus Viktor Stalberg in Canucks zone.
13:02 of 1st period - Snap shot by Jaromir Jagr.
13:02 of 1st period - Stopped by Karri Ramo with a rebound.
13:04 of 1st period - Backhand shot by Chris Phillips.
13:04 of 1st period - Shot Blocked by Mark Stuart.
13:06 of 1st period - Wrist shot by Jaromir Jagr.
13:06 of 1st period - Deflect By Mark Stuart.
13:06 of 1st period - Shot Blocked by Victor Oreskovich.
13:06 of 1st period - Puck is out of play.
13:07 of 1st period - Jeff Carter wins face-off versus Matt Stajan in Bruins zone.
13:16 of 1st period - Matt Cooke is hit by Peter Worrell and loses puck.
13:25 of 1st period - Wrist shot by Jaromir Jagr.
13:25 of 1st period - Stopped by Karri Ramo with a rebound.
13:27 of 1st period - Snap shot by Matt Stajan.
13:27 of 1st period - Shot Blocked by Mark Stuart.
13:31 of 1st period - Snap shot by Jaromir Jagr.
13:31 of 1st period - Stopped by Karri Ramo with a rebound.
13:33 of 1st period - Snap shot by Peter Worrell.
13:33 of 1st period - Stopped by Karri Ramo without a rebound.
13:34 of 1st period - Joe Sakic wins face-off versus Matt Hendricks in Bruins zone.
14:01 of 1st period - Joe Callahan is hit by Victor Oreskovich and loses puck.
14:22 of 1st period - Snap shot by Jeff Carter.
14:22 of 1st period - Stopped by Carey Price without a rebound.
14:23 of 1st period - Jeff Carter wins face-off versus Matt Stajan in Canucks zone.
14:28 of 1st period - Snap shot by Matt Cooke.
14:28 of 1st period - Deflect By Vitali Yachmenev.
14:28 of 1st period - Shot Misses the Net.
14:28 of 1st period - Puck is out of play.
14:29 of 1st period - Matt Stajan wins face-off versus Jeff Carter in Canucks zone.
14:38 of 1st period - Slapshot by Peter Worrell.
14:38 of 1st period - Shot Misses the Net.
14:40 of 1st period - Slapshot by Sami Lepisto.
14:40 of 1st period - Shot Misses the Net.
15:04 of 1st period - Slapshot by Joe Sakic.
15:04 of 1st period - Shot Blocked by Mark Stuart.
15:25 of 1st period - Minor Penalty to Fabian Brunnstrom for Holding.
15:26 of 1st period - Jeff Carter wins face-off versus Jaromir Jagr in Canucks zone.
15:32 of 1st period - Slapshot by Viktor Stalberg.
15:32 of 1st period - Shot Misses the Net.
15:52 of 1st period - Kim Johnsson is hit by Dave Bolland and loses puck.
17:01 of 1st period - Jason Demers is hit by Chris Phillips and loses puck.
17:25 of 1st period - Penalty to Fabian Brunnstrom is over, Fabian Brunnstrom is back on ice.
17:34 of 1st period - Wrist shot by Fabian Brunnstrom.
17:34 of 1st period - Stopped by Karri Ramo with a rebound.
17:54 of 1st period - Snap shot by Alex Tanguay.
17:54 of 1st period - Shot Blocked by Matt Cooke.
Goals for this period are 1 for Canucks vs 0 for Bruins.
Shots for this period are 15 for Canucks vs 11 for Bruins.
2nd period
0:01 of 2nd period - Jeff Carter wins face-off versus Matt Stajan in neutral zone.
0:04 of 2nd period - Chris Phillips is hit by Ryan O'Byrne and loses puck.
0:11 of 2nd period - Ryan O'Byrne is hit by Matt Stajan and loses puck.
0:52 of 2nd period - Wrist shot by Jiri Hudler.
0:52 of 2nd period - Shot Misses the Net.
1:10 of 2nd period - Keaton Ellerby is hit by Joe Callahan and loses puck.
2:30 of 2nd period - Peter Worrell is hit by Jason Demers.
2:55 of 2nd period - Wrist shot by Brad Isbister.
2:55 of 2nd period - Shot Misses the Net.
2:57 of 2nd period - Wrist shot by Brad Isbister.
2:57 of 2nd period - Goal by Brad Isbister - Canucks : 1 - Bruins : 1.
2:58 of 2nd period - Joe Sakic wins face-off versus Jeff Carter in neutral zone.
3:06 of 2nd period - Mark Stuart is hit by Joe Callahan.
3:19 of 2nd period - Minor Penalty to Peter Worrell for Slashing.
3:20 of 2nd period - Jeff Carter wins face-off versus Jaromir Jagr in Canucks zone.
3:21 of 2nd period - Wrist shot by Victor Oreskovich.
3:21 of 2nd period - Shot Misses the Net.
3:23 of 2nd period - Backhand shot by Ryan O'Byrne.
3:23 of 2nd period - Stopped by Carey Price without a rebound.
3:24 of 2nd period - Jeff Carter wins face-off versus Jaromir Jagr in Canucks zone.
3:29 of 2nd period - Wrist shot by Jeff Carter.
3:29 of 2nd period - Stopped by Carey Price with a rebound.
3:31 of 2nd period - Snap shot by Viktor Stalberg.
3:31 of 2nd period - Shot Blocked by Chris Phillips.
3:33 of 2nd period - Slapshot by Ryan O'Byrne.
3:33 of 2nd period - Shot Misses the Net.
3:35 of 2nd period - Slapshot by Mark Stuart.
3:35 of 2nd period - Goal by Mark Stuart - Canucks : 1 - Bruins : 2.
3:36 of 2nd period - Jeff Carter wins face-off versus Matt Stajan in neutral zone.
3:38 of 2nd period - Mark Stuart is hit by Peter Worrell and loses puck.
3:47 of 2nd period - Wrist shot by Jeff Carter.
3:47 of 2nd period - Stopped by Carey Price with a rebound.
3:49 of 2nd period - Snap shot by Ryan O'Byrne.
3:49 of 2nd period - Shot Misses the Net.
3:57 of 2nd period - Minor Penalty to Jaromir Jagr for Interference.
3:58 of 2nd period - Jeff Carter wins face-off versus Jiri Hudler in Canucks zone.
4:25 of 2nd period - Jiri Hudler is hit by Mark Stuart and loses puck.
4:42 of 2nd period - Slapshot by Kim Johnsson.
4:42 of 2nd period - Shot Misses the Net.
5:06 of 2nd period - Icing by Viktor Stalberg.
5:07 of 2nd period - Jeff Carter wins face-off versus Matt Stajan in Bruins zone.
5:57 of 2nd period - Penalty to Jaromir Jagr is over, Jaromir Jagr is back on ice.
6:09 of 2nd period - Snap shot by Jaromir Jagr.
6:09 of 2nd period - Stopped by Karri Ramo with a rebound.
6:26 of 2nd period - Wrist shot by Matt Stajan.
6:26 of 2nd period - Stopped by Karri Ramo without a rebound.
6:27 of 2nd period - Maxim Lapierre wins face-off versus Matt Hendricks in Bruins zone.
8:15 of 2nd period - Keaton Ellerby is hit by Matt Stajan and loses puck.
9:11 of 2nd period - Matt Hendricks is hit by Chris Phillips.
9:49 of 2nd period - Jason Demers is hit by Chris Phillips and loses puck.
10:04 of 2nd period - Snap shot by Matt Hendricks.
10:04 of 2nd period - Shot Blocked by Peter Worrell.
10:24 of 2nd period - Icing by Jiri Hudler.
10:25 of 2nd period - Petteri Nokelainen wins face-off versus Jiri Hudler in Canucks zone.
10:30 of 2nd period - Snap shot by Brad Isbister.
10:30 of 2nd period - Shot Misses the Net.
10:36 of 2nd period - Petteri Nokelainen is hit by Sami Lepisto and loses puck.
10:53 of 2nd period - Wrist shot by David Jones.
10:53 of 2nd period - Stopped by Karri Ramo without a rebound.
10:54 of 2nd period - Jeff Carter wins face-off versus Matt Stajan in Bruins zone.
11:00 of 2nd period - Matt Stajan is hit by Jeff Carter and loses puck.
12:37 of 2nd period - Sami Lepisto is hit by Matt Hendricks and loses puck.
12:48 of 2nd period - Slapshot by Sami Lepisto.
12:48 of 2nd period - Deflect By Jason Demers.
12:48 of 2nd period - Stopped by Karri Ramo without a rebound.
12:49 of 2nd period - Joe Sakic wins face-off versus Petteri Nokelainen in Bruins zone.
13:00 of 2nd period - Snap shot by Brad Isbister.
13:00 of 2nd period - Shot Misses the Net.
13:02 of 2nd period - Slapshot by Keaton Ellerby.
13:02 of 2nd period - Shot Misses the Net.
13:16 of 2nd period - Matt Stajan is hit by Jeff Carter and loses puck.
13:31 of 2nd period - Minor Penalty to Matt Cooke for Boarding.
13:32 of 2nd period - Petteri Nokelainen wins face-off versus Matt Stajan in Bruins zone.
14:07 of 2nd period - Wrist shot by Clarke MacArthur.
14:07 of 2nd period - Shot Misses the Net.
15:31 of 2nd period - Penalty to Matt Cooke is over, Matt Cooke is back on ice.
15:55 of 2nd period - Icing by Jeff Carter.
15:56 of 2nd period - Jeff Carter wins face-off versus Maxim Lapierre in Bruins zone.
16:03 of 2nd period - Backhand shot by Matt Cooke.
16:03 of 2nd period - Shot Misses the Net.
16:05 of 2nd period - Slapshot by Christoph Schubert.
16:05 of 2nd period - Shot Blocked by Maxim Lapierre.
16:07 of 2nd period - Slapshot by Christoph Schubert.
16:07 of 2nd period - Shot Misses the Net.
16:09 of 2nd period - Wrist shot by Mark Stuart.
16:09 of 2nd period - Shot Blocked by Jeremy Williams.
16:11 of 2nd period - Snap shot by Jeff Carter.
16:11 of 2nd period - Shot Blocked by Maxim Lapierre.
16:13 of 2nd period - Wrist shot by Viktor Stalberg.
16:13 of 2nd period - Shot Misses the Net.
16:15 of 2nd period - Snap shot by Matt Cooke.
16:15 of 2nd period - Shot Misses the Net.
16:17 of 2nd period - Wrist shot by Jeff Carter.
16:17 of 2nd period - Shot Blocked by Andy Rogers.
16:19 of 2nd period - Wrist shot by Viktor Stalberg.
16:19 of 2nd period - Stopped by Carey Price without a rebound.
16:20 of 2nd period - Joe Sakic wins face-off versus Matt Hendricks in Canucks zone.
16:32 of 2nd period - Wrist shot by Clarke MacArthur.
16:32 of 2nd period - Shot Blocked by Keaton Ellerby.
16:34 of 2nd period - Slapshot by Chris Phillips.
16:34 of 2nd period - Stopped by Karri Ramo without a rebound.
16:35 of 2nd period - Matt Stajan wins face-off versus Matt Hendricks in Bruins zone.
17:06 of 2nd period - Snap shot by Nikolai Zherdev.
17:06 of 2nd period - Stopped by Karri Ramo with a rebound.
17:08 of 2nd period - Wrist shot by Clarke MacArthur.
17:08 of 2nd period - Shot Misses the Net.
17:24 of 2nd period - Snap shot by Fabian Brunnstrom.
17:24 of 2nd period - Stopped by Karri Ramo without a rebound.
17:25 of 2nd period - Matt Stajan wins face-off versus Jeff Carter in Bruins zone.
17:40 of 2nd period - Slapshot by Matt Cooke.
17:40 of 2nd period - Shot Misses the Net.
17:42 of 2nd period - Wrist shot by Vitali Yachmenev.
17:42 of 2nd period - Shot Blocked by Joe Callahan.
17:44 of 2nd period - Slapshot by Mark Stuart.
17:44 of 2nd period - Deflect By Matt Stajan.
17:44 of 2nd period - Stopped by Carey Price with a rebound.
17:46 of 2nd period - Snap shot by Matt Cooke.
17:46 of 2nd period - Goal by Matt Cooke - Canucks : 1 - Bruins : 3.
17:47 of 2nd period - Matt Stajan wins face-off versus Jeff Carter in neutral zone.
17:55 of 2nd period - Slapshot by Peter Worrell.
17:55 of 2nd period - Shot Blocked by Jeff Carter.
17:57 of 2nd period - Snap shot by Jaromir Jagr.
17:57 of 2nd period - Stopped by Karri Ramo with a rebound.
17:59 of 2nd period - Slapshot by Peter Worrell.
17:59 of 2nd period - Stopped by Karri Ramo without a rebound.
18:00 of 2nd period - Dave Bolland wins face-off versus Jaromir Jagr in Bruins zone.
18:27 of 2nd period - Mark Stuart is hit by Kim Johnsson and loses puck.
19:04 of 2nd period - Slapshot by David Jones.
19:04 of 2nd period - Stopped by Karri Ramo with a rebound.
19:16 of 2nd period - Snap shot by Jiri Hudler.
19:16 of 2nd period - Stopped by Karri Ramo without a rebound.
19:17 of 2nd period - Jeff Carter wins face-off versus Peter Worrell in Bruins zone.
19:53 of 2nd period - Wrist shot by Matt Hendricks.
19:53 of 2nd period - Shot Misses the Net.
19:55 of 2nd period - Slapshot by Ryan O'Byrne.
19:55 of 2nd period - Stopped by Carey Price without a rebound.
19:56 of 2nd period - Joe Sakic wins face-off versus Petteri Nokelainen in Canucks zone.
Goals for this period are 0 for Canucks vs 3 for Bruins.
Shots for this period are 11 for Canucks vs 9 for Bruins.
3rd period
0:01 of 3rd period - Jeff Carter wins face-off versus Matt Stajan in neutral zone.
0:06 of 3rd period - Slapshot by Mark Stuart.
0:06 of 3rd period - Deflect By Jaromir Jagr.
0:06 of 3rd period - Stopped by Carey Price with a rebound.
0:08 of 3rd period - Wrist shot by Vitali Yachmenev.
0:08 of 3rd period - Stopped by Carey Price without a rebound.
0:09 of 3rd period - Jeff Carter wins face-off versus Matt Stajan in Canucks zone.
0:30 of 3rd period - Kim Johnsson is hit by Ryan O'Byrne.
0:53 of 3rd period - Snap shot by Matt Cooke.
0:53 of 3rd period - Stopped by Carey Price without a rebound.
0:54 of 3rd period - Dave Bolland wins face-off versus Joe Sakic in Canucks zone.
0:54 of 3rd period - Minor Penalty to Viktor Stalberg for Delaying the game.
0:55 of 3rd period - Joe Sakic wins face-off versus Petteri Nokelainen in Bruins zone.
1:02 of 3rd period - Snap shot by Clarke MacArthur.
1:02 of 3rd period - Stopped by Karri Ramo with a rebound.
1:04 of 3rd period - Wrist shot by Joe Sakic.
1:04 of 3rd period - Stopped by Karri Ramo with a rebound.
2:03 of 3rd period - Nikolai Zherdev is hit by Jason Demers and loses puck.
2:48 of 3rd period - Chris Phillips is hit by Dave Bolland and loses puck.
2:54 of 3rd period - Penalty to Viktor Stalberg is over, Viktor Stalberg is back on ice.
3:01 of 3rd period - Snap shot by Fabian Brunnstrom.
3:01 of 3rd period - Shot Misses the Net.
3:09 of 3rd period - Sami Lepisto is hit by Mark Stuart.
3:35 of 3rd period - Dainius Zubrus is hit by Jeremy Williams and loses puck.
4:01 of 3rd period - Andy Rogers is hit by Brad Isbister and loses puck.
4:25 of 3rd period - Maxim Lapierre is hit by Dave Bolland and loses puck.
4:30 of 3rd period - Snap shot by Dave Bolland.
4:30 of 3rd period - Stopped by Carey Price with a rebound.
4:32 of 3rd period - Snap shot by Viktor Stalberg.
4:32 of 3rd period - Shot Blocked by Taylor Chorney.
4:42 of 3rd period - Taylor Chorney is hit by Mark Stuart and loses puck.
5:18 of 3rd period - Snap shot by Vitali Yachmenev.
5:18 of 3rd period - Stopped by Carey Price without a rebound.
5:19 of 3rd period - Jeff Carter wins face-off versus Joe Sakic in Canucks zone.
5:32 of 3rd period - Wrist shot by Matt Cooke.
5:32 of 3rd period - Stopped by Carey Price with a rebound.
5:41 of 3rd period - Off-side.
5:42 of 3rd period - Dave Bolland wins face-off versus Matt Stajan in neutral zone.
6:15 of 3rd period - Icing by Keaton Ellerby.
6:16 of 3rd period - Joe Sakic wins face-off versus Matt Hendricks in Bruins zone.
6:17 of 3rd period - Slapshot by Clarke MacArthur.
6:17 of 3rd period - Stopped by Karri Ramo with a rebound.
6:19 of 3rd period - Wrist shot by Clarke MacArthur.
6:19 of 3rd period - Stopped by Karri Ramo with a rebound.
6:21 of 3rd period - Snap shot by Joe Sakic.
6:21 of 3rd period - Shot Misses the Net.
6:23 of 3rd period - Snap shot by Nikolai Zherdev.
6:23 of 3rd period - Stopped by Karri Ramo without a rebound.
6:24 of 3rd period - Jeff Carter wins face-off versus Joe Sakic in Bruins zone.
6:37 of 3rd period - Andy Rogers is hit by Matt Cooke.
7:25 of 3rd period - Wrist shot by Ryan O'Byrne.
7:25 of 3rd period - Shot Blocked by Joe Callahan.
7:56 of 3rd period - Icing by Martin Erat.
7:57 of 3rd period - Petteri Nokelainen wins face-off versus Joe Sakic in Bruins zone.
7:57 of 3rd period - Petteri Nokelainen is hit by Nikolai Zherdev.
8:23 of 3rd period - Wrist shot by Jiri Hudler.
8:23 of 3rd period - Shot Misses the Net.
8:34 of 3rd period - Minor Penalty to David Jones for Roughing.
8:35 of 3rd period - Dave Bolland wins face-off versus Jaromir Jagr in Canucks zone.
8:51 of 3rd period - Snap shot by Kris Chucko.
8:51 of 3rd period - Shot Misses the Net.
9:25 of 3rd period - Jeff Carter is hit by Andy Rogers and loses puck.
10:14 of 3rd period - Kris Chucko is hit by Peter Worrell and loses puck.
10:34 of 3rd period - Penalty to David Jones is over, David Jones is back on ice.
11:09 of 3rd period - Slapshot by Jiri Hudler.
11:09 of 3rd period - Shot Misses the Net.
11:11 of 3rd period - Slapshot by Taylor Chorney.
11:11 of 3rd period - Shot Misses the Net.
11:13 of 3rd period - Slapshot by Taylor Chorney.
11:13 of 3rd period - Shot Misses the Net.
12:50 of 3rd period - Joe Callahan is hit by Matt Hendricks and loses puck.
13:05 of 3rd period - Joe Sakic is hit by Dave Bolland.
13:09 of 3rd period - Victor Oreskovich is hit by Chris Phillips and loses puck.
13:30 of 3rd period - Taylor Chorney is hit by Mark Stuart and loses puck.
13:45 of 3rd period - Sami Lepisto is hit by Matt Hendricks and loses puck.
14:23 of 3rd period - Matt Cooke is hit by Clarke MacArthur and loses puck.
14:37 of 3rd period - Icing by Matt Cooke.
14:38 of 3rd period - Maxim Lapierre wins face-off versus Jeff Carter in Bruins zone.
15:57 of 3rd period - Wrist shot by Jaromir Jagr.
15:57 of 3rd period - Stopped by Karri Ramo without a rebound.
15:58 of 3rd period - Joe Sakic wins face-off versus Jeff Carter in Bruins zone.
16:13 of 3rd period - Slapshot by Ryan O'Byrne.
16:13 of 3rd period - Shot Misses the Net.
16:28 of 3rd period - Dave Bolland is hit by Andy Rogers and loses puck.
16:41 of 3rd period - Wrist shot by Nikolai Zherdev.
16:41 of 3rd period - Shot Misses the Net.
16:43 of 3rd period - Wrist shot by Nikolai Zherdev.
16:43 of 3rd period - Stopped by Karri Ramo with a rebound.
16:47 of 3rd period - Snap shot by Clarke MacArthur.
16:47 of 3rd period - Shot Blocked by Ryan O'Byrne.
16:49 of 3rd period - Slapshot by Sami Lepisto.
16:49 of 3rd period - Stopped by Karri Ramo with a rebound.
16:51 of 3rd period - Wrist shot by Nikolai Zherdev.
16:51 of 3rd period - Shot Misses the Net.
16:53 of 3rd period - Snap shot by Nikolai Zherdev.
16:53 of 3rd period - Stopped by Karri Ramo without a rebound.
16:54 of 3rd period - Matt Hendricks wins face-off versus Matt Stajan in Bruins zone.
16:54 of 3rd period - Matt Hendricks is hit by Peter Worrell.
17:00 of 3rd period - Slapshot by Dainius Zubrus.
17:00 of 3rd period - Stopped by Carey Price without a rebound.
17:01 of 3rd period - Matt Hendricks wins face-off versus Matt Stajan in Canucks zone.
17:02 of 3rd period - Wrist shot by Dainius Zubrus.
17:02 of 3rd period - Deflect By Kris Chucko.
17:02 of 3rd period - Shot Misses the Net.
17:02 of 3rd period - Puck is out of play.
17:03 of 3rd period - Matt Hendricks wins face-off versus Matt Stajan in Canucks zone.
17:04 of 3rd period - Slapshot by Dainius Zubrus.
17:04 of 3rd period - Stopped by Carey Price with a rebound.
17:06 of 3rd period - Snap shot by Dainius Zubrus.
17:06 of 3rd period - Shot Misses the Net.
17:08 of 3rd period - Slapshot by Jason Demers.
17:08 of 3rd period - Stopped by Carey Price with a rebound.
17:10 of 3rd period - Snap shot by Matt Hendricks.
17:10 of 3rd period - Shot Blocked by Kim Johnsson.
17:26 of 3rd period - Snap shot by Dainius Zubrus.
17:26 of 3rd period - Shot Blocked by Kim Johnsson.
17:28 of 3rd period - Slapshot by Keaton Ellerby.
17:28 of 3rd period - Deflect By Jaromir Jagr.
17:28 of 3rd period - Stopped by Carey Price without a rebound.
17:29 of 3rd period - Jeff Carter wins face-off versus Jiri Hudler in Canucks zone.
17:30 of 3rd period - Snap shot by Vitali Yachmenev.
17:30 of 3rd period - Stopped by Carey Price with a rebound.
17:32 of 3rd period - Slapshot by Mark Stuart.
17:32 of 3rd period - Stopped by Carey Price with a rebound.
17:34 of 3rd period - Slapshot by Mark Stuart.
17:34 of 3rd period - Shot Misses the Net.
17:36 of 3rd period - Slapshot by Ryan O'Byrne.
17:36 of 3rd period - Stopped by Carey Price with a rebound.
18:18 of 3rd period - Peter Worrell is hit by Jason Demers and loses puck.
19:38 of 3rd period - Wrist shot by Matt Hendricks.
19:38 of 3rd period - Deflect By Brad Isbister.
19:38 of 3rd period - Stopped by Carey Price with a rebound.
Goals for this period are 0 for Canucks vs 0 for Bruins.
Shots for this period are 9 for Canucks vs 14 for Bruins.
Output by the SimonT Hockey Simulator (STHS) for François Prévost -- Original Page W3C XHTML 1.0 Valid